AoeStats
← Caoz

Arena

506046676Analyzed
4v4 RM · 22d ago on Sep 12, 2026· 29m 1s· 8 players
Game mode
Random Map
Map size
Large (8 player)
Population
200
Speed
Normal
Resources
Standard
Victory
Conquest
Starting age
Dark Age
Ending age
Imperial Age
RankedLock teamsTeams togetherTeam positionsShared explorationLock speedFull tech treeHidden civsTurbo modeCheats
Victory
Defeat
🇺🇸 Vikings · United States
891
+14
🇬🇧 Wei · United Kingdom
880
+14
🇦🇷 Vietnamese · Argentina
868
+15
🇪🇨 Wu · Ecuador
803
+18
🇺🇸 Turks · United States
907
-17
🇹🇼 Spanish · Taiwan
876
-17
🇺🇸 Ethiopians · United States
875
-17
🇹🇼 Persians · Taiwan
706
-10
挖西玖桃
11:08 Feudal Age
15:52 Castle Age
16:59 Double-Bit Axe
22:23 Bow Saw
26:38 Loom
angelachang0220
9:33 Feudal Age
13:35 Castle Age
12:02 Double-Bit Axe
15:56 Horse Collar
zonghanglyu
10:12 Feudal Age
captainyen
11:16 Feudal Age
14:12 Double-Bit Axe
17:25 Wheelbarrow
16:36 Loom
19:08 Horse Collar
22:03 Arson
24:49 Castle Age
25:18 Bloodlines
25:51 Heavy Plow
25:15 Pikeman
25:56 Squires
25:41 Gambesons
27:35 Husbandry
28:32 Hand Cart
CoronaVirus
3:38 Loom
12:22 Feudal Age
19:32 Castle Age
17:43 Horse Collar
18:22 Double-Bit Axe
18:32 Man-at-Arms
19:43 Scale Mail Armor
20:41 Squires
20:51 Gambesons
20:49 Long Swordsman
22:54 Forging
23:06 Gold Mining
23:19 Arson
Genghis Mike
0:32 Loom
11:47 Feudal Age
14:31 Double-Bit Axe
14:29 Horse Collar
16:04 Town Watch
23:46 Castle Age
Caoz
11:21 Feudal Age
11:50 Double-Bit Axe
11:46 Horse Collar
13:24 Loom
16:09 Castle Age
14:28 Town Watch
16:09 Gold Mining
17:32 Scale Barding Armor
18:05 Heavy Plow
18:16 Bow Saw
19:43 Wheelbarrow
19:04 Stone Mining
19:42 Fletching
19:53 Padded Archer Armor
22:29 Stone Shaft Mining
23:56 Hand Cart
23:55 Padded Archer Armor
23:45 Fletching
23:53 Fletching
26:10 Bloodlines
26:01 Husbandry
26:18 Leather Archer Armor
26:14 Forging
26:57 Scale Barding Armor
26:58 Bodkin Arrow
26:27 Crossbowman
kylejays
9:13 Loom
10:59 Feudal Age
12:27 Double-Bit Axe
12:24 Horse Collar
19:29 Castle Age
19:06 Forging
20:05 Scale Barding Armor
20:15 Stone Mining
21:44 Bow Saw
23:08 Gold Mining
23:54 Stone Shaft Mining
24:10 Husbandry
24:53 Wheelbarrow
25:02 Gold Shaft Mining
Connection lost

Rejoining the realm…

Still unreachable

The connection could not be restored.

Session expired

The server has moved on; the page needs a fresh start.